 Dungeon Crawl Stone Soup version 0.26.1-11-gd32895ea62 (webtiles) character file.

Game seed: 8694000904260709816

557 Zeld the Cruncher (level 7, -4/45 HPs)
             Began as an Octopode Gladiator on May 21, 2021.
             Slain by a centaur (10 damage)
             ... on level 5 of the Dungeon.
             The game lasted 00:04:20 (6805 turns).

Zeld the Cruncher (Octopode Gladiator)              Turns: 6805, Time: 00:04:21

Health: -4/45      AC:  1    Str: 20    XL:     7   Next: 30%
Magic:  7/7        EV: 14    Int: 10    God:
Gold:   310        SH:  0    Dex: 13    Spells: 6/6 levels left

rFire    . . .     SeeInvis +   a - +1 quarterstaff
rCold    . . .     Faith    .   (shield currently unavailable)
rNeg     . . .     Spirit   .   b - +0 hat
rPois    .         Reflect  .   (no amulet)
rElec    .         Harm     .   v - ring of Zumiris {+Fly Str+4 Slay+3 Stlth+}
rCorr    .         Rampage  .   f - ring of stealth
Will     .....                  k - ring of see invisible
Stlth    ++++......             (no ring)
HPRegen  0.15/turn              (no ring)
MPRegen  0.10/turn              (no ring)
                                (no ring)
                                (no ring)

@: lethally poisoned (-4 -> -14), flying
A: almost no armour, stealthy swim, amphibious, 8 rings, constrict 8, camouflage
1, gelatinous body 1
a: no special abilities


You were on level 5 of the Dungeon.
You visited 1 branch of the dungeon, and saw 5 of its levels.

You collected 310 gold pieces.

Inventory:

Hand Weapons
 a - a +1 quarterstaff (weapon)
Missiles
 c - 3 throwing nets
 p - 7 curare-tipped darts
 q - 34 poisoned darts (quivered)
 w - 4 boomerangs
Armour
 b - a +0 hat (worn)
Jewellery
 f - a ring of stealth (right tentacle)
 k - a ring of see invisible (on tentacle)
 v - the ring of Zumiris (left tentacle) {+Fly Str+4 Slay+3 Stlth+}
   (You found it on level 4 of the Dungeon)

   [ring of stealth]

   It affects your strength (+4).
   It affects your accuracy and damage with ranged weapons and melee attacks
   (+3).
   It lets you fly.
   It makes you more stealthy.
 y - an uncursed amulet of regeneration {unknown}
Wands
 A - a wand of polymorph (5)
Scrolls
 d - a scroll of amnesia
 u - 2 scrolls of remove curse {unknown}
 x - a scroll of fog {unknown}
 z - 3 scrolls of enchant armour {unknown}
Potions
 e - a potion of resistance {unknown}
 g - a potion of haste {unknown}
 i - a potion of brilliance {unknown}
 j - 2 potions of flight
 m - a potion of might {unknown}
 r - a potion of mutation {unknown}


   Skills:
 - Level 2.0 Fighting
 * Level 8.2 Staves
 - Level 2.0 Throwing
 - Level 3.0 Dodging


You had 6 spell levels left.
You didn't know any spells.
Your spell library was empty.

Dungeon Overview and Level Annotations

Branches:
Dungeon (5/15)
 Temple: D:4-7

Altars:
Ashenzari
Hepliaklqana
Qazlal
Ru
Uskayaw
Vehumet


Innate Abilities, Weirdness & Mutations

You cannot wear most types of armour.
You are very stealthy in the water. (Stealth+)
You are amphibious.
You can wear up to eight rings at the same time.
You can use your tentacles to constrict eight enemies at once.
Your skin changes colour to match your surroundings (Stealth+).
Your rubbery body absorbs attacks. (AC +1, EV +1)


Message History

You hit the worker ant.
The worker ant is moderately wounded.
You constrict the worker ant.
You feel sick. The worker ant bites you.
* * * LOW HITPOINT WARNING * * *
You are lethally poisoned!
The worker ant poisons you!
Unknown command.
You thump the worker ant! You squeeze the worker ant.
You kill the worker ant!
* * * LOW HITPOINT WARNING * * *
You feel sick.
Unknown command.
* * * LOW HITPOINT WARNING * * *
You feel sick.
It was a potion of flight.
You feel very buoyant.
You fly up into the air.
* * * LOW HITPOINT WARNING * * *
You feel sick.
The centaur unwields a +0 shortbow.
The centaur hits you!
You die...

.###...#.......................
.# ..#...............#..##...
.# #. #..................# #..
.#...##......####...###..# #..
..####....c.# ##..## #.## #.##
.#........(.# #...# #..# #..#
..........(## #..## ##.####..#
..####.....# #..# #....###.#
..# #....(# ##@## ##..##....#
..####.....# #.c# #..####...#
....##....(####..# ###.## ##..#
#............#...####...# #..#
###....##..............## ##.#
##....###..........###..# ###
.......##..........# ##.##
###....##.....(...## #..#
.....#..#.....(...## #..#


You could see a centaur.

Vanquished Creatures
  A bullfrog (D:5)
  A jelly (D:5)
  A hound (D:4)
  An orc priest (D:4)
  Ijyb (D:4)
  An iguana (D:4)
  An orc wizard (D:4)
  5 worker ants
  A hound skeleton (D:4)
  3 gnolls (D:4)
  5 adders
  2 shadow imps (D:5)
  A white imp (D:4)
  An ooze (D:3)
  2 adder skeletons (D:5)
  3 worms
  A dart slug (D:3)
  A leopard gecko (D:2)
  6 orcs
  6 giant cockroaches
  7 hobgoblins
  3 jackals (D:1)
  6 kobolds
  2 quokkas (D:3)
  2 ball pythons
  A ball python skeleton (D:4)
  7 bats
  5 frilled lizards
  4 goblins (D:1)
  A leopard gecko skeleton (D:4)
  4 rats
86 creatures vanquished.

Vanquished Creatures (others)
  A frilled lizard (D:4)
1 creature vanquished.

Grand Total: 87 creatures vanquished

Notes
Turn   | Place    | Note
-------+----------+-------------------------------------------
     0 | D:1      | Zeld the Octopode Gladiator began the quest for the Orb.
     0 | D:1      | Reached XP level 1. HP: 14/14 MP: 1/1
   215 | D:1      | Found a radiant altar of Vehumet.
   222 | D:1      | Reached XP level 2. HP: 14/19 MP: 2/2
   535 | D:1      | Reached skill level 4 in Staves
   540 | D:1      | Reached XP level 3. HP: 11/24 MP: 3/3
  1990 | D:3      | Reached XP level 4. HP: 21/29 MP: 4/4
  2151 | D:3      | Reached skill level 5 in Staves
  2154 | D:3      | Found a stormy altar of Qazlal.
  2160 | D:3      | Found a hide-covered altar of Uskayaw.
  2710 | D:3      | Found a broken altar of Ashenzari.
  2733 | D:3      | Reached XP level 5. HP: 34/34 MP: 5/5
  4311 | D:4      | Reached skill level 6 in Staves
  4585 | D:4      | Reached XP level 6. HP: 33/39 MP: 6/6
  4678 | D:4      | Got a pitted jade ring
  4892 | D:4      | Reached skill level 7 in Staves
  5077 | D:4      | Found a hazy altar of Hepliaklqana.
  5209 | D:4      | Noticed Ijyb
  5276 | D:4      | Killed Ijyb
  5844 | D:4      | Identified the ring of Zumiris {+Fly Str+4 Slay+3 Stlth+}
                  | (You found it on level 4 of the Dungeon)
  5846 | D:5      | Entered Level 5 of the Dungeon
  5929 | D:5      | Found a sacrificial altar of Ru.
  5939 | D:5      | Reached XP level 7. HP: 35/45 MP: 7/7
  6041 | D:5      | Reached skill level 8 in Staves
  6805 | D:5      | Slain by a centaur

Illustrated notes

Levels and vault maps discovered:
D:1:      co_arrival_random_square_maze, layout_rooms, minmay_hexomino_r4
D:2:      layout_loops_corners, serial_glass, glass_columns_a, glass_columns_a,
          glass_columns_a, glass_columns_b, glass_columns_a, glass_columns_c
D:3:      layout_loops_ring, lemuel_doored_altar, minitemple,
          grunt_ministairs_12, hex_medium
D:4:      layout_loops_cross, nzn_hepliaklqana_mist_gate, uniq_ijyb
D:5:      layout_layer_cave, nicolae_ru_sacrificial_ziggurat, serial_shops,
          nicolae_shop_waterfront, grunt_ministairs_11, uniq_pikel

Skill      XL: |  1  2  3  4  5  6  7 |
---------------+----------------------+-----
Staves         | 4 5 6 7 8 |  8.2
Fighting       | |  2.0
Throwing       | |  2.0
Dodging        | |  3.0

Action                   |  1- 3 |  4- 6 |  7- 9 || total
-------------------------+-------+-------+-------++-------
Melee: Quarterstaff      |    70 |   108 |    14 ||   192
       Constrict         |    18 |    26 |     3 ||    47
       Tentacles         |     7 |    13 |     1 ||    21
       Unarmed           |       |    11 |       ||    11
  Use: Scroll            |       |     8 |     4 ||    12
       Potion            |       |       |     1 ||     1
 Stab: Sleeping          |     2 |     7 |     2 ||    11
Armor: Skin              |     6 |    10 |     1 ||    17
Dodge: Dodged            |    48 |    72 |    13 ||   133
